[Event "ICC tourney 1944 (30 5)"]
[Site "Internet Chess Club"]
[Date "2020.08.01"]
[Round "5"]
[White "QueenHM"]
[Black "rpughiii"]
[Result "0-1"]
[ICCResult "White forfeits on time"]
[WhiteElo "1319"]
[BlackElo "1365"]
[Opening "Pirc defense"]
[ECO "B07"]
[NIC "PU.08"]
[Time "18:02:59"]
[TimeControl "1800+5"]

1. e4 d6 2. d4 Nf6 3. Nc3 Nbd7 4. f4 e5 5. fxe5 dxe5 6. dxe5 Nxe5 7. Qxd8+
Kxd8 8. Bg5 c6 9. O-O-O+ Ke8 10. Nf3 Neg4 11. Bxf6 gxf6 12. Rg1 Bh6+ 13. Kb1
Be3 14. h3 Bxg1 15. Nxg1 Ne3 16. Re1 Nxf1 17. Rxf1 Ke7 18. g4 Be6 19. Nf3 h5
20. e5 fxe5 21. Nxe5 Rag8 22. b3 f6 23. Nd3 hxg4 24. hxg4 Rxg4 25. Nc5 Bc8
26. Re1+ Kf7 27. Rf1 Rhg8 28. N3e4 Rg1 29. Rxg1 Rxg1+ 30. Kb2 Ke7 31. Nf2
Rg2 32. Nd1 Rd2 33. Ne3 f5 34. Nd3 Re2 35. Nc4 b5 36. Nce5 Kd6 37. Nf3 Re3
38. Nde1 Kd5 39. b4 Ke4 40. Nd2+ Kd5 41. Nef3 Re2 42. Nb3 Ke4 43. Nbd2+ Ke3
44. Kc3 f4 45. a3 Bg4 46. Ne5 Bf5 47. Nf1+ Kf2 48. Nd2 Ke1 49. Nef3+ Kd1 50.
Nb1 Rxc2+ 51. Kd4 Rc4+ 52. Ke5 Bxb1 53. Kd6 Ke2 54. Ne5 Rc3 55. Ng4 f3 56.
Kc7 f2 57. Kb7 f1=Q 58. Kxa7 Qf7+ {White forfeits on time} 0-1

[Event "ICC tourney 1944 (30 5)"]
[Site "Internet Chess Club"]
[Date "2020.08.01"]
[Round "6"]
[White "stgummadi"]
[Black "RachanaB"]
[Result "0-1"]
[ICCResult "White checkmated"]
[WhiteElo "1331"]
[BlackElo "1329"]
[Opening "Caro-Kann: advance variation"]
[ECO "B12"]
[NIC "CK.04"]
[Time "19:31:33"]
[TimeControl "1800+5"]

1. e4 c6 2. d4 d5 3. e5 Bf5 4. Bd3 Bxd3 5. Qxd3 e6 6. Nf3 Nd7 7. O-O c5 8.
c3 Ne7 9. Be3 Ng6 10. Nbd2 a6 11. c4 dxc4 12. Qxc4 Rc8 13. Nb3 b5 14. Qc2
cxd4 15. Qd3 dxe3 16. Qxe3 Be7 17. Rfd1 Qc7 18. Rd2 O-O 19. Rad1 Ndxe5 20.
Rc1 Qb8 21. Rxc8 Rxc8 22. Nxe5 Nxe5 23. Re2 Ng4 24. Qd3 Qxh2+ 25. Kf1 Qh1#
{White checkmated}
0-1

[Event "ICC tourney 1944 (30 5)"]
[Site "Internet Chess Club"]
[Date "2020.08.01"]
[Round "6"]
[White "yogokings12"]
[Black "ChunkyApple"]
[Result "1-0"]
[ICCResult "Black resigns"]
[WhiteElo "1527"]
[BlackElo "1370"]
[Opening "KGA: bishop's gambit, Bogolyubov variation"]
[ECO "C33"]
[NIC "KG.03"]
[Time "19:31:33"]
[TimeControl "1800+5"]

1. e4 e5 2. f4 exf4 3. Bc4 Nf6 4. Nc3 Bc5 5. d4 Bb4 6. e5 Ne4 7. Qh5 O-O 8.
Ne2 d5 9. exd6 Qxd6 10. Bxf4 Qc6 11. Bd5 Qb6 12. Bxe4 Bxc3+ 13. bxc3 Re8 14.
Qxh7+ Kf8 15. O-O Qe6 16. Bd3 f6 17. Ng3 b6 18. Qh8+ Kf7 19. Qh5+ Kf8 20.
Rfe1 Qxe1+ 21. Rxe1 Rxe1+ 22. Kf2 Re8 23. Qh8+ Kf7 24. Bg6+ Kxg6 25. Qxe8+
Kh7 26. Qxc8 a5 27. Bxc7 Ra7 28. Qxb8 Ra6 29. Qb7 {Black resigns} 1-0

[Event "ICC tourney 1944 (30 5)"]
[Site "Internet Chess Club"]
[Date "2020.08.01"]
[Round "6"]
[White "SunnyCountry"]
[Black "QueenHM"]
[Result "1/2-1/2"]
[ICCResult "White stalemated"]
[WhiteElo "1344"]
[BlackElo "1319"]
[Opening "Pirc: classical, h3 system"]
[ECO "B08"]
[NIC "PU.10"]
[Time "19:31:33"]
[TimeControl "1800+5"]

1. e4 d6 2. d4 Nf6 3. Nc3 g6 4. Nf3 Bg7 5. h3 O-O 6. Bc4 Nxe4 7. Nxe4 d5 8.
Bxd5 Qxd5 9. Qd3 Nc6 10. Be3 Bf5 11. Nfd2 Rad8 12. c3 e5 13. O-O exd4 14.
cxd4 Nxd4 15. Bxd4 Bxd4 16. Qc2 Rfe8 17. Rae1 Bb6 18. Nf6+ Kf8 19. Rxe8+
Rxe8 20. Nxd5 Bxc2 21. Nxb6 axb6 22. Rc1 Ba4 23. Rxc7 Bc6 24. Nc4 Re1+ 25.
Kh2 b5 26. Nd6 Re2 27. Rxf7+ Kg8 28. Rc7 Rxb2 29. Nxb7 Bxb7 30. Rxb7 Rxa2
31. Rxb5 Rxf2 32. Rb3 Kg7 33. Rf3 Ra2 34. Kg3 g5 35. h4 gxh4+ 36. Kxh4 Rxg2
37. Rg3+ Rxg3 38. Kxg3 Kg6 39. Kh3 Kh5 40. Kh2 Kh4 41. Kh1 Kh3 42. Kg1 h5
43. Kh1 h4 44. Kg1 Kg3 45. Kh1 h3 46. Kg1 h2+ 47. Kh1 Kh3 {White stalemated}
1/2-1/2

[Event "ICC tourney 1944 (30 5)"]
[Site "Internet Chess Club"]
[Date "2020.08.01"]
[Round "6"]
[White "jvihaan"]
[Black "Alejjandra"]
[Result "1-0"]
[ICCResult "Black checkmated"]
[WhiteElo "1283"]
[BlackElo "1163"]
[Opening "Alekhine's defense: exchange variation"]
[ECO "B03"]
[NIC "AL.08"]
[Time "19:32:26"]
[TimeControl "1800+5"]

1. e4 Nf6 2. e5 Nd5 3. d4 d6 4. c4 Nb6 5. exd6 exd6 6. Nf3 Nc6 7. Bf4 Be7 8.
d5 Ne5 9. Nxe5 dxe5 10. Bxe5 Bb4+ 11. Bc3 Qe7+ 12. Qe2 Bc5 13. Qxe7+ Kxe7
14. Bxg7 Rg8 15. Bc3 Bf5 16. Nd2 Rae8 17. b4 Kd7+ 18. Kd1 Bxf2 19. Be2 Rxg2
20. Bf3 Bg4 21. Bxg4+ Rxg4 22. Rf1 Rg1 23. Kc2 Re1 24. Raxe1 Bxe1 25. Rxg1
Bxd2 26. Bxd2 Nxc4 27. Rg7 Nxd2 28. Kxd2 h5 29. Rxf7+ Kd6 30. Rf5 h4 31. Ke3
c6 32. dxc6 bxc6 33. Kf3 Ke6 34. Kg4 h3 35. Ra5 Kd6 36. Rxa7 c5 37. Ra6+ Kd5
38. Ra5 Ke4 39. Rxc5 Ke3 40. b5 Kf2 41. b6 Kg2 42. Rc2+ Kg1 43. Kf3 Kh1 44.
Kg3 Kg1 45. Rc1# {Black checkmated} 1-0

[Event "ICC tourney 1944 (30 5)"]
[Site "Internet Chess Club"]
[Date "2020.08.01"]
[Round "6"]
[White "CoastalJourney"]
[Black "Reyvaj0075"]
[Result "1-0"]
[ICCResult "Black resigns"]
[WhiteElo "1338"]
[BlackElo "1467"]
[Opening "Dutch with c4 & Nc3"]
[ECO "A85"]
[NIC "HD.05"]
[Time "19:31:38"]
[TimeControl "1800+5"]

1. d4 f5 2. c4 Nf6 3. Nc3 e6 4. Bg5 Be7 5. Nf3 O-O 6. e3 Ne4 7. Bxe7 Qxe7 8.
Nxe4 fxe4 9. Nd2 d5 10. Be2 c6 11. O-O e5 12. Bg4 exd4 13. Bxc8 Rxc8 14.
exd4 Nd7 15. Re1 Nf6 16. Qb3 Re8 17. f3 e3 18. Nf1 dxc4 19. Qxc4+ Kh8 20.
Rxe3 Qd7 21. Rae1 Red8 22. Re7 Qxd4+ 23. Qxd4 Rxd4 24. Rxb7 Nd5 25. Rc1 Re8
26. Rxa7 h5 27. Ng3 Rd2 28. Ne4 Ne3 29. Nxd2 Nxg2 30. Kxg2 Re2+ 31. Kg3 Rxd2
32. Rxc6 Rxb2 33. a4 {Black resigns} 1-0

[Event "ICC tourney 1944 (30 5)"]
[Site "Internet Chess Club"]
[Date "2020.08.01"]
[Round "6"]
[White "MonkeyTown"]
[Black "tortorchess"]
[Result "0-1"]
[ICCResult "White resigns"]
[WhiteElo "1386"]
[BlackElo "1351"]
[Opening "QGD Slav: 4.e3"]
[ECO "D11"]
[NIC "QP.08"]
[Time "19:31:33"]
[TimeControl "1800+5"]

1. d4 d5 2. Nf3 Nf6 3. e3 c6 4. c4 Bg4 5. h3 Bh5 6. g4 Bg6 7. Nh4 e6 8. Qb3
Qc7 9. Nc3 Be7 10. Bd2 Nbd7 11. O-O-O O-O-O 12. Nxg6 hxg6 13. Kb1 Nxg4 14.
Be1 Ngf6 15. Rc1 Kb8 16. cxd5 exd5 17. Qa4 Nb6 18. Qa5 Nc4 19. Qa4 Nd6 20.
Qb3 Qb6 21. Qa3 Nc4 22. Qb3 Qxb3 23. axb3 Nb6 24. Bg2 Bd6 25. Bd2 Rde8 26.
Rce1 Ne4 27. Nxe4 dxe4 28. Rc1 Nd5 29. Rc4 f5 30. b4 a6 31. Ka2 g5 32. Kb3
f4 33. Rcc1 Rhf8 34. Rce1 fxe3 35. Bxe3 Bxb4 36. Ref1 Nxe3 37. fxe3 Rxf1 38.
Rxf1 Bd2 {White resigns} 0-1

[Event "ICC tourney 1944 (30 5)"]
[Site "Internet Chess Club"]
[Date "2020.08.01"]
[Round "6"]
[White "Oliver0731"]
[Black "Liopleuradon15"]
[Result "1-0"]
[ICCResult "Black resigns"]
[WhiteElo "1357"]
[BlackElo "1280"]
[Opening "Scotch gambit: Benima defense"]
[ECO "C44"]
[NIC "SO.06"]
[Time "19:33:06"]
[TimeControl "1800+5"]

1. e4 e5 2. Nf3 Nc6 3. d4 exd4 4. Bc4 Be7 5. Nxd4 Nf6 6. Nc3 O-O 7. Bf4 Nxd4
8. Qxd4 c5 9. Qe3 Re8 10. h3 a6 11. e5 d5 12. O-O-O d4 13. Qf3 Nd7 14. Nd5
Rb8 15. e6 Nf6 16. Nxf6+ Bxf6 17. exf7+ Kh8 18. fxe8=Q+ Qxe8 19. Bxb8 b5 20.
Rhe1 Qd8 21. Bc7 Qf8 22. Qc6 Be7 23. Be6 Bg5+ 24. f4 Bxf4+ 25. Bxf4 Qxf4+
26. Kb1 Bxe6 27. Rxe6 h6 28. Rde1 h5 29. g3 Qxg3 30. Rh6+ gxh6 31. Qxh6+ Kg8
32. Re8+ Kf7 33. Qf8+ Kg6 34. Qg8+ {Black resigns} 1-0

[Event "ICC tourney 1944 (30 5)"]
[Site "Internet Chess Club"]
[Date "2020.08.01"]
[Round "6"]
[White "seaglass-chess"]
[Black "AbruptFir"]
[Result "0-1"]
[ICCResult "White resigns"]
[WhiteElo "1097"]
[BlackElo "1288"]
[Opening "English opening"]
[ECO "A10"]
[NIC "EO.64"]
[Time "19:31:50"]
[TimeControl "1800+5"]

1. c4 d6 2. g3 c6 3. Bg2 Nf6 4. Nf3 Qc7 5. d3 e5 6. e4 Bg4 7. h3 Bxf3 8.
Bxf3 Nbd7 9. O-O Be7 10. Nc3 O-O 11. b4 a6 12. a4 d5 13. Rb1 d4 14. Ne2 b5
15. axb5 axb5 16. cxb5 cxb5 17. Bg2 Ra4 18. Bd2 Nb8 19. f4 Nc6 20. Qe1 Rfa8
21. fxe5 Nxe5 22. Bf4 Bd6 23. Nxd4 Qb6 24. Be3 Nxd3 25. Qe2 Nxb4 26. Nxb5
Bc5 27. Bxc5 Qxc5+ 28. Kh1 Ra2 29. Qe1 Qc2 30. Rg1 Nd3 31. Qf1 Nxe4 32. Nd4
Nxg3+ {White resigns} 0-1

[Event "ICC tourney 1944 (30 5)"]
[Site "Internet Chess Club"]
[Date "2020.08.01"]
[Round "6"]
[White "JadeTooth"]
[Black "Threehundreds"]
[Result "1/2-1/2"]
[ICCResult "Game drawn by mutual agreement"]
[WhiteElo "1263"]
[BlackElo "1474"]
[Opening "Ruy Lopez: exchange variation"]
[ECO "C68"]
[NIC "RL.08"]
[Time "19:31:31"]
[TimeControl "1800+5"]

1. e4 e5 2. Nf3 Nc6 3. Bb5 a6 4. Bxc6 bxc6 5. O-O Bd6 6. d4 exd4 7. Qxd4 Bf8
8. Nc3 c5 9. Qc4 Bd6 10. e5 Be7 11. Be3 d6 12. exd6 cxd6 13. Nd5 Nf6 14.
Nxe7 Qxe7 15. Rfe1 Be6 16. Qd3 O-O 17. Bg5 h6 18. Bh4 Rfe8 19. Rad1 d5 20.
Ne5 Bg4 21. f3 Be6 22. Nc6 Qd6 23. Bxf6 Qxc6 24. Be5 Qb6 25. Qb3 Qxb3 26.
axb3 Bf5 27. Rxd5 Bxc2 28. Rxc5 Bxb3 29. Bg3 Rxe1+ 30. Bxe1 Kf8 31. Bc3 g6
32. Re5 h5 33. Re3 Be6 {Game drawn by mutual agreement} 1/2-1/2

[Event "ICC tourney 1944 (30 5)"]
[Site "Internet Chess Club"]
[Date "2020.08.01"]
[Round "6"]
[White "UltimateDL"]
[Black "rthurc2"]
[Result "1-0"]
[ICCResult "Black resigns"]
[WhiteElo "1306"]
[BlackElo "1547"]
[Opening "Scotch: Schmidt variation"]
[ECO "C45"]
[NIC "SO.04"]
[Time "19:31:38"]
[TimeControl "1800+5"]

1. e4 e5 2. Nf3 Nc6 3. d4 exd4 4. Nxd4 Nf6 5. Nc3 Bb4 6. Nxc6 bxc6 7. Bd3
Qe7 8. O-O O-O 9. Bg5 h6 10. Bh4 d6 11. Qd2 d5 12. exd5 cxd5 13. a3 Bd6 14.
Nxd5 Qe5 15. Nxf6+ gxf6 16. Bg3 Qg5 17. Qc3 Bb7 18. Rfe1 Rab8 19. Be4 h5 20.
Bxb7 Rxb7 21. Bxd6 cxd6 22. Rad1 Rd8 23. Re3 h4 24. h3 d5 25. Rd4 f5 26. Rd1
Rb6 27. Rxd5 Rdb8 28. b3 Rg6 29. g3 hxg3 30. Rxg3 Qc1+ 31. Kg2 Re8 32. Rxf5
{Black resigns}
1-0

[Event "ICC tourney 1944 (30 5)"]
[Site "Internet Chess Club"]
[Date "2020.08.01"]
[Round "6"]
[White "rpughiii"]
[Black "Luc2008"]
[Result "0-1"]
[ICCResult "White resigns"]
[WhiteElo "1363"]
[BlackElo "1660"]
[Opening "Réti opening"]
[ECO "A04"]
[NIC "QP.10"]
[Time "19:32:02"]
[TimeControl "1800+5"]

1. Nf3 c5 2. g3 g6 3. Bg2 Bg7 4. O-O Nf6 5. d3 O-O 6. e4 d6 7. Nbd2 Nc6 8.
Qe2 Bg4 9. h3 Nd4 10. Qd1 Nxf3+ 11. Nxf3 Bxf3 12. Qxf3 c4 13. d4 d5 14. exd5
Qb6 15. c3 Rfd8 16. Qe2 Nxd5 17. Qxc4 Rac8 18. Qb3 Qxb3 19. axb3 a6 20. c4
Nb4 21. d5 Nc2 22. Rb1 b5 23. Be4 Nd4 24. Bd3 Nxb3 25. cxb5 axb5 26. Bxb5
Rxd5 27. Ba6 Rxc1 28. Rfxc1 Nxc1 29. Rxc1 Bxb2 30. Rc7 e6 31. Bc4 Rd2 32.
Rc8+ Kg7 33. Rc7 Bd4 34. Bxe6 Rxf2 35. Kh1 Be5 36. g4 Bxc7 {White resigns}
0-1

[Event "ICC tourney 1944 (30 5)"]
[Site "Internet Chess Club"]
[Date "2020.08.01"]
[Round "6"]
[White "BunnyGambit"]
[Black "ChemStud24"]
[Result "0-1"]
[ICCResult "White checkmated"]
[WhiteElo "1093"]
[BlackElo "1493"]
[Opening "Queen's Indian defense"]
[ECO "A47"]
[NIC "QP.06"]
[Time "19:31:32"]
[TimeControl "1800+5"]

1. d4 Nf6 2. Nf3 b6 3. g3 Bb7 4. Bg2 e6 5. O-O d5 6. c4 dxc4 7. Qa4+ Nbd7 8.
Qxc4 c5 9. Nc3 Ne4 10. Nxe4 Bxe4 11. Ng5 Bxg2 12. Kxg2 Be7 13. dxc5 Bxg5 14.
Bxg5 Qxg5 15. c6 Ne5 16. Qe4 Ng4 17. Kg1 O-O 18. c7 Rac8 19. Rac1 Nf6 20.
Qb7 Qe5 21. Rfd1 Nd5 22. Rd2 Rxc7 23. Rxc7 Qxc7 24. Qxc7 Nxc7 25. Rd7 Rc8
26. Kg2 Kf8 27. Kf3 Ke8 28. Rd2 Nd5 29. Ke4 Ke7 30. a3 f5+ 31. Ke5 Rc4 32.
b3 Re4# {White checkmated} 0-1

[Event "ICC tourney 1944 (30 5)"]
[Site "Internet Chess Club"]
[Date "2020.08.01"]
[Round "6"]
[White "Vish1080"]
[Black "wulovechess"]
[Result "1-0"]
[ICCResult "Black resigns"]
[WhiteElo "1669"]
[BlackElo "1530"]
[Opening "Réti opening"]
[ECO "A05"]
[NIC "QP.11"]
[Time "19:32:18"]
[TimeControl "1800+5"]

1. Nf3 Nf6 2. b3 g6 3. Bb2 Bg7 4. d4 O-O 5. e3 d6 6. c4 c6 7. Be2 Re8 8. O-O
Nbd7 9. Nc3 e5 10. Ba3 exd4 11. exd4 c5 12. Nb5 Qb6 13. dxc5 dxc5 14. Rb1 a6
15. Nd6 Re6 16. Nxc8 Rxc8 17. b4 cxb4 18. Rxb4 Qa5 19. Ra4 Qc3 20. Bb4 Qb2
21. Nd4 Re4 22. Nc2 Qe5 23. Bd6 Qe6 24. Bf3 Rexc4 25. Rxc4 Rxc4 26. Re1 Qf5
27. Ne3 Qb5 28. Be2 {Black resigns} 1-0

[Event "ICC tourney 1944 (30 5)"]
[Site "Internet Chess Club"]
[Date "2020.08.01"]
[Round "6"]
[White "Mandyz"]
[Black "chessisfunsp"]
[Result "0-1"]
[ICCResult "White resigns"]
[WhiteElo "1615"]
[BlackElo "1706"]
[Opening "Scotch: Schmidt variation"]
[ECO "C45"]
[NIC "SO.04"]
[Time "19:31:36"]
[TimeControl "1800+5"]

1. e4 e5 2. Nf3 Nc6 3. d4 exd4 4. Nxd4 Nf6 5. Nc3 Bb4 6. Nxc6 bxc6 7. Bd3 d5
8. e5 Ng4 9. O-O O-O 10. Bf4 f6 11. exf6 Qxf6 12. Bg3 Bd6 13. Ne2 Rb8 14. b3
Bc5 15. Qe1 Ne5 16. Nf4 Bd6 17. Nh5 Qe7 18. Bxe5 Bxe5 19. f4 Qc5+ 20. Kh1
Bxa1 21. Qxa1 Rf7 22. f5 Qd6 23. c4 Bd7 24. cxd5 cxd5 25. Rf3 Re8 26. Qc1
Qb4 27. Re3 Rfe7 28. Rxe7 Rxe7 29. Qg1 Re1 30. Bf1 Bb5 31. Ng3 Bxf1 32. Nxf1
Qf4 {White resigns} 0-1

[Event "ICC tourney 1944 (30 5)"]
[Site "Internet Chess Club"]
[Date "2020.08.01"]
[Round "6"]
[White "che8642"]
[Black "Jeffchess"]
[Result "1-0"]
[ICCResult "Black checkmated"]
[WhiteElo "1404"]
[BlackElo "1396"]
[Opening "Queen's pawn game"]
[ECO "A45"]
[NIC "QP.07"]
[Time "19:31:33"]
[TimeControl "1800+5"]

1. d4 Nf6 2. Nc3 a6 3. e4 e6 4. Bg5 Be7 5. Nf3 d5 6. e5 Nfd7 7. Be3 Bb4 8.
Bd3 Bxc3+ 9. bxc3 h6 10. Qd2 Nb6 11. Qe2 Qe7 12. O-O N8d7 13. h3 c5 14. dxc5
Nxc5 15. Rab1 Nba4 16. Qd2 b5 17. Be2 Bd7 18. Nd4 Rb8 19. Nb3 Ne4 20. Qd4
Nexc3 21. Rbe1 Nxa2 22. Qa7 O-O 23. Nc5 Nxc5 24. Bxc5 Qd8 25. Bxf8 Ra8 26.
Qb7 Rb8 27. Qxa6 Ra8 28. Qd6 Ra7 29. Be7 Qc8 30. Qc5 Rc7 31. Qa3 Rxc2 32.
Bd3 Rc3 33. Qxa2 Rxd3 34. Rc1 Qe8 35. Bd6 Rd4 36. Ra1 Ra4 37. Qb3 Qa8 38.
Rxa4 Qxa4 39. Qxa4 bxa4 40. Rb1 g6 41. Kf1 Kg7 42. Ke2 g5 43. Kd3 Kg6 44.
Ke3 f5 45. Kf3 f4 46. Kg4 Bc6 47. h4 h5+ 48. Kh3 g4+ 49. Kh2 d4 50. Kg1 d3
51. g3 f3 52. Kf1 Be4 53. Rd1 Kf5 54. Ke1 Kg6 55. Kd2 Bf5 56. Ra1 Kf7 57.
Rxa4 Ke8 58. Ra8+ Kd7 59. Rh8 Bg6 60. Rh6 Be8 61. Kxd3 Bf7 62. Ke4 Ke8 63.
Kf4 Bg8 64. Rxh5 Kf7 65. Kxg4 Kg6 66. Rg5+ Kh7 67. Rxg8 Kxg8 68. Kxf3 Kf7
69. Kg4 Kg6 70. h5+ Kh6 71. Kh4 Kg7 72. Kg5 Kf7 73. Kh6 Kg8 74. Kg6 Kh8 75.
h6 Kg8 76. g4 Kh8 77. f3 Kg8 78. f4 Kh8 79. f5 exf5 80. h7 fxg4 81. e6 g3
82. Be5# {Black checkmated} 1-0

[Event "ICC tourney 1944 (30 5)"]
[Site "Internet Chess Club"]
[Date "2020.08.01"]
[Round "6"]
[White "Mapking1"]
[Black "ChessStar22"]
[Result "1-0"]
[ICCResult "Black checkmated"]
[WhiteElo "1559"]
[BlackElo "1341"]
[Opening "Caro-Kann: exchange variation"]
[ECO "B13"]
[NIC "CK.02"]
[Time "19:31:31"]
[TimeControl "1800+5"]

1. e4 c6 2. d4 d5 3. exd5 cxd5 4. Bd3 Nc6 5. c3 Nf6 6. Nf3 Bg4 7. O-O e6 8.
Bf4 Bd6 9. Bxd6 Qxd6 10. Nbd2 O-O 11. Re1 Rfe8 12. Qc2 Bxf3 13. Nxf3 e5 14.
Nxe5 Nxe5 15. dxe5 Rxe5 16. Qb3 b6 17. Qc2 Rae8 18. Qd2 Qe6 19. Rxe5 Qxe5
20. Bb5 Re7 21. Rd1 Ng4 22. g3 d4 23. Qxd4 Qxb5 24. Qxg4 g6 25. Rd8+ Kg7 26.
Qd4+ Kh6 27. Qh4+ Kg7 28. Qxe7 Qxb2 29. Qf8+ Kf6 30. Rd6+ Kg5 31. h4+ Kh5
32. Rd5+ f5 33. Qd8 Qc1+ 34. Rd1 Qh6 35. Qg5+ Qxg5 36. hxg5 Kxg5 37. Rd7 h5
38. Rxa7 h4 39. Rb7 hxg3 40. fxg3 f4 41. Kg2 fxg3 42. Kxg3 Kf5 43. Rxb6 g5
44. c4 Ke5 45. a4 Kd4 46. a5 Kxc4 47. a6 Kc5 48. Rb1 Kd5 49. a7 Kd6 50. a8=Q
Ke5 51. Rb5+ Kd6 52. Qd5+ Kc7 53. Rb7+ Kc8 54. Qd8+ Kxb7 55. Qxg5 Kc6 56.
Qe5 Kd7 57. Qf6 Kc7 58. Qe6 Kb7 59. Qd6 Ka7 60. Qc6 Kb8 61. Qd7 Ka8 62. Kf4
Kb8 63. Ke5 Ka8 64. Kd6 Kb8 65. Kc6 Ka8 66. Qb7# {Black checkmated} 1-0

[Event "ICC tourney 1944 (30 5)"]
[Site "Internet Chess Club"]
[Date "2020.08.01"]
[Round "6"]
[White "welmo"]
[Black "che2468"]
[Result "0-1"]
[ICCResult "White checkmated"]
[WhiteElo "1216"]
[BlackElo "1331"]
[Opening "Sicilian"]
[ECO "B56"]
[NIC "SI.25"]
[Time "19:31:41"]
[TimeControl "1800+5"]

1. e4 c5 2. Nf3 d6 3. d4 cxd4 4. Nxd4 Nf6 5. Nc3 Nc6 6. Nf3 Bd7 7. h3 e6 8.
Bd3 Be7 9. Be3 Rc8 10. O-O O-O 11. a3 Qc7 12. Re1 Na5 13. Rb1 a6 14. Kh1 Nc4
15. Nd2 Nxe3 16. Rxe3 Bc6 17. Nf3 d5 18. exd5 Nxd5 19. Nxd5 Bxd5 20. Kg1 Bc5
21. Re2 Qg3 22. Ne1 f5 23. Qd2 f4 24. Kh1 Qxh3+ 25. Kg1 Qg3 26. Be4 Bxe4 27.
Rxe4 f3 28. c3 fxg2 29. Nd3 Rcd8 30. Qc2 Rxd3 31. Re2 Rdf3 32. Rd1 Bxf2+ 33.
Rxf2 Rxf2 34. Qxf2 Qxf2+ 35. Kh2 g1=Q+ 36. Kh3 Rf3# {White checkmated} 0-1

[Event "ICC tourney 1944 (30 5)"]
[Site "Internet Chess Club"]
[Date "2020.08.01"]
[Round "6"]
[White "DrPatzenGambino"]
[Black "arock"]
[Result "1-0"]
[ICCResult "Black resigns"]
[WhiteElo "1550"]
[BlackElo "1535"]
[Opening "Center game"]
[ECO "C21"]
[NIC "KP.04"]
[Time "19:34:06"]
[TimeControl "1800+5"]

1. e4 e5 2. d4 exd4 3. Bc4 Nc6 4. c3 dxc3 5. Nxc3 Bc5 6. Bxf7+ Kf8 7. Bb3 d6
8. Nge2 Nf6 9. Bg5 Bg4 10. f3 Bh5 11. Qd2 Bf7 12. Bc2 Nb4 13. Bb1 Ke7 14. a3
Nc6 15. Bd3 Re8 16. Ng3 Kf8 17. Nf5 Nd4 18. Nxd4 Bxd4 19. Bb5 Bxc3 20. Qxc3
c6 21. Ba4 Nxe4 22. fxe4 Qxg5 23. Bc2 Qxg2 24. O-O-O Qg4 25. Rhg1 Qf4+ 26.
Kb1 Qe5 27. Qh3 Re6 28. Rdf1 Rf6 29. Rxf6 Qxf6 30. Rf1 Qe5 31. Rf5 Qd4 32.
Qf1 Kg8 33. Rxf7 d5 34. Rxb7 Rf8 35. Qg2 dxe4 36. Bb3+ Kh8 37. Ka2 e3 38.
Qf1 Rd8 39. Rf7 Qd6 40. Qg1 Qh6 41. Re7 g6 42. Rxe3 Qf4 43. Qe1 Kg7 44. Re7+
Kh6 45. Re4 Qg5 46. Rh4+ Kg7 47. Qc3+ Kf8 48. Rxh7 {Black resigns} 1-0

[Event "ICC tourney 1944 (30 5)"]
[Site "Internet Chess Club"]
[Date "2020.08.01"]
[Round "6"]
[White "Aqualime"]
[Black "sillytiger"]
[Result "1/2-1/2"]
[ICCResult "Game drawn by mutual agreement"]
[WhiteElo "1405"]
[BlackElo "1262"]
[Opening "Dutch defense"]
[ECO "A84"]
[NIC "HD.10"]
[Time "19:31:33"]
[TimeControl "1800+5"]

1. d4 f5 2. c4 g6 3. Nc3 Nf6 4. Nf3 Bg7 5. Bf4 O-O 6. e3 d6 7. Bd3 Qe8 8. h4
Nbd7 9. Nb5 Qd8 10. Qb3 a6 11. Nc3 Qe8 12. c5+ Kh8 13. cxd6 cxd6 14. Nd5
Nxd5 15. Qxd5 e5 16. Qxd6 exf4 17. Qxf4 b5 18. h5 gxh5 19. Qg5 Nb6 20. Rxh5
Bf6 21. Qh6 Qf7 22. Ke2 Rg8 23. Rah1 Ra7 24. Qf4 Qxa2 25. Bxf5 Rgg7 26. Bxc8
Qxb2+ 27. Kd1 Qb1+ 28. Ke2 Qb2+ 29. Nd2 Nc4 30. Rxh7+ Rxh7 31. Qxf6+ Rg7 32.
Qf8+ Rg8 33. Qf6+ Rg7 34. Qf8+ Rg8 {Game drawn by mutual agreement} 1/2-1/2

[Event "ICC tourney 1944 (30 5)"]
[Site "Internet Chess Club"]
[Date "2020.08.01"]
[Round "6"]
[White "knighthawkmill"]
[Black "shrey16ultimate"]
[Result "1-0"]
[ICCResult "Black checkmated"]
[WhiteElo "1689"]
[BlackElo "1501"]
[Opening "Queen's pawn game"]
[ECO "E00"]
[NIC "QP.07"]
[Time "19:31:36"]
[TimeControl "1800+5"]

1. d4 Nf6 2. c4 e6 3. a3 b6 4. Nc3 Bb7 5. f3 c5 6. Bg5 cxd4 7. Qxd4 Nc6 8.
Qd1 Be7 9. e3 O-O 10. Bd3 Rc8 11. Bc2 Na5 12. b3 d5 13. c5 Bxc5 14. Qd3 g6
15. b4 d4 16. Ne4 Bxe4 17. fxe4 Be7 18. bxa5 Rc3 19. Qd2 Nxe4 20. Bxe7 Rxe3+
21. Qxe3 dxe3 22. Bxd8 Rxd8 23. Bxe4 bxa5 24. Nf3 f5 25. Bc2 f4 26. Bb3 Rb8
27. Bxe6+ Kg7 28. O-O Kf6 29. Bc4 g5 30. h3 h5 31. Rab1 Rc8 32. Rbc1 Rh8 33.
Nd4 g4 34. Rxf4+ Ke5 35. Ne2 gxh3 36. gxh3 Rh6 37. Bd3 Rd6 38. Re4+ Kf6 39.
Rxe3 Kf7 40. Rf1+ Kg7 41. Ng3 Rd5 42. Be4 Rg5 43. Kh2 h4 44. Nf5+ Kh8 45.
Nxh4 a4 46. Rg3 Rf5 47. Rxf5 a5 48. Rf8# {Black checkmated} 1-0

[Event "ICC tourney 1944 (30 5)"]
[Site "Internet Chess Club"]
[Date "2020.08.01"]
[Round "6"]
[White "BobbyFissure"]
[Black "Queen4aKing"]
[Result "1/2-1/2"]
[ICCResult "Game drawn by mutual agreement"]
[WhiteElo "1424"]
[BlackElo "1188"]
[Opening "Petrov: Nimzovich attack"]
[ECO "C42"]
[NIC "RG.03"]
[Time "19:31:35"]
[TimeControl "1800+5"]

1. e4 e5 2. Nf3 Nf6 3. Nxe5 d6 4. Nf3 Nxe4 5. Nc3 Nxc3 6. dxc3 Nc6 7. Be2 g6
8. Be3 Bg7 9. Qd2 Be6 10. Bh6 Bxh6 11. Qxh6 Qf6 12. O-O O-O-O 13. Rfd1 Rdg8
14. Nd4 Ne7 15. Nxe6 fxe6 16. Qe3 a6 17. Qa7 Qe5 18. Bf3 h5 19. Qxb7+ Kd7
20. Qxa6 g5 21. Re1 Qf5 22. Qa4+ Kd8 23. Qe4 Qxe4 24. Bxe4 g4 25. a4 h4 26.
c4 g3 27. Red1 gxf2+ 28. Kxf2 Rf8+ 29. Ke3 h3 30. g3 Nf5+ 31. Bxf5 Rxf5 32.
Rf1 Re5+ 33. Kd3 Kd7 34. b4 Rg8 35. Rf3 d5 36. a5 dxc4+ 37. Kxc4 Kc6 38. Rf2
Rg4+ 39. Kb3 Kb5 40. c3 Re3 41. Rf4 Rg8 42. Rh4 c5 43. bxc5 Kxc5 44. Rxh3
Re2 45. a6 Rb8+ 46. Ka4 Re4+ 47. Ka3 Rb6 48. Rc1 Re2 49. Rh4 Rxa6+ 50. Ra4
Rxa4+ 51. Kxa4 Rxh2 52. Re1 Kc4 53. Re4+ Kxc3 54. Rxe6 Rg2 55. Rg6 Kd4
{Game drawn by mutual agreement}
1/2-1/2